 Dungeon Crawl Stone Soup version 0.22-a0-785-g6253c82ace (webtiles) character file.

90 Nakatomy the Firebug (level 4, -8/24 HPs)
             Began as a Deep Elf Fire Elementalist on July 20, 2018.
             Killed by nerve-wracking pain
             ... invoked by an orc priest
              (12 damage)
             ... on level 3 of the Dungeon.
             The game lasted 00:10:35 (2387 turns).

Nakatomy the Firebug (Deep Elf Fire Elementalist)   Turns: 2387, Time: 00:10:36

Health: -8/24      AC:  2    Str:  5    XL:     4   Next: 32%
Magic:  9/12       EV: 14    Int: 21    God:
Gold:   104        SH:  0    Dex: 15    Spells: 3/11 levels left

rFire    . . .     SeeInvis .   e - +0 dagger
rCold    . . .     Gourm    .   (no shield)
rNeg     . . .     Faith    .   a - +0 robe
rPois    .         Spirit   .   (no helmet)
rElec    .         Reflect  .   (no cloak)
rCorr    .         Harm     .   (no gloves)
MR       .....                  (no boots)
Stlth    ++........             (no amulet)
HPRegen  0.08/turn              (no ring)
MPRegen  0.13/turn              (no ring)

@: no status effects
A: no striking features
a: no special abilities


You were on level 3 of the Dungeon.
You were not hungry.

You visited 1 branch of the dungeon, and saw 3 of its levels.

You collected 104 gold pieces.

Inventory:

Hand Weapons
 e - a +0 dagger (weapon)
Armour
 a - a +0 robe (worn)
Jewellery
 b - a +3 ring of dexterity {unknown}
Scrolls
 d - 6 scrolls of identify {unknown}
 g - a scroll of immolation {unknown}
 h - a scroll of enchant armour {unknown}
Potions
 f - a potion of curing {unknown}
Comestibles
 c - 5 rations
 i - 2 chunks of flesh


   Skills:
 + Level 3.5 Dodging
 - Level 2.5 Stealth
 + Level 4.0 Spellcasting
 + Level 2.4 Conjurations
 + Level 4.0 Fire Magic


You had 3 spell levels left.
You knew the following spells:

 Your Spells              Type           Power        Failure   Level  Hunger
a - Flame Tongue          Conj/Fire      ###..        3%          1    None
b - Conjure Flame         Conj/Fire      ###.....     10%         3    ###....
c - Sticky Flame          Conj/Fire      ###.....     32%         4    ####...

Your spell library contained the following spells:

 Spells                   Type           Power        Failure   Level  Hunger
 Fireball                 Conj/Fire      ###.......   65%         5    ######.
 Throw Flame              Conj/Fire      ###...       4%          2    #......
 Inner Flame              Hex/Fire       ##......     16%         3    ###....


Dungeon Overview and Level Annotations

Branches:
Dungeon (3/15)

Altars:

Annotations:
D:2 exclusion: downstairs


Message History

Casting: Flame Tongue (safe; 3% risk of failure)
Confirm with . or Enter, or press ? or * to list all spells.
Aiming: Flame Tongue (safe; 3% risk of failure)
Press: ? - help, Shift-Dir - straight line, f/p - orc
Aim: an orc, wielding a trident The flame tongue hits the orc priest.
The orc priest appears unharmed.
The orc hits you from afar with a trident!
The orc priest misses you.
Casting: Flame Tongue (safe; 3% risk of failure)
Confirm with . or Enter, or press ? or * to list all spells.
Aiming: Flame Tongue (safe; 3% risk of failure)
Press: ? - help, Shift-Dir - straight line, f/p - orc
Aim: an orc, wielding a trident The flame tongue hits the orc priest.
The orc priest appears unharmed.
The orc hits you from afar with a trident!
* * * LOW HITPOINT WARNING * * *
The orc priest calls down the wrath of Beogh upon you.
Pain shoots through your body!
Ouch! That really hurt!
You die...

... .. '#
############'##
#......[......#
#.######..l...# #.#
#.o....#
#.######.o...)#
######.##....@.....#
#<)..[.##(.......###
#########........#
#........#
##########


You could see an orc priest, an orc and a frilled lizard.

Vanquished Creatures
  An orc priest (D:2)
  3 adders (D:2)
  A dart slug (D:1)
  3 orcs (D:3)
  A ball python (D:1)
  4 bats
  2 giant cockroaches (D:1)
  4 goblins (D:1)
  2 hobgoblins (D:1)
  2 frilled lizards
  4 kobolds
  4 rats
31 creatures vanquished.

Notes
Turn   | Place    | Note
-------+----------+-------------------------------------------
     0 | D:1      | Nakatomy the Deep Elf Fire Elementalist began the quest for the Orb.
     0 | D:1      | Reached XP level 1. HP: 10/10 MP: 6/6
   343 | D:1      | Reached XP level 2. HP: 15/15 MP: 5/8
  1317 | D:2      | Reached XP level 3. HP: 19/19 MP: 7/10
  1617 | D:2      | Learned a level 3 spell: Conjure Flame
  2344 | D:2      | Reached XP level 4. HP: 24/24 MP: 9/12
  2350 | D:2      | Learned a level 4 spell: Sticky Flame
  2387 | D:3      | Killed from afar by an orc priest

Vault maps used:
D:1:      lightli_arrival_windingriver, nrook_mini_backslash
D:3:      serial_corexii_hall, corexii_hall_statues_i, corexii_hall_statues_i,
          uniq_sigmund

Skill      XL: |  1  2  3 |
---------------+----------+-----
Dodging        | 3 |  3.5
Conjurations   | 2 |  2.4
Spellcasting   | 4 |  4.0
Fire Magic     | 4 |  4.0
Stealth        | |  2.5

Action                   |  1- 3 |  4- 6 || total
-------------------------+-------+-------++-------
 Cast: Flame Tongue      |    56 |     5 ||    61
       Conjure Flame     |     2 |       ||     2
  Eat: Chunk             |     4 |       ||     4
Armor: Robe              |     6 |       ||     6
Dodge: Dodged            |     7 |     3 ||    10

Table legend:
 A = Spawn XP
 B = Non-spawn XP
 C = Spawn XP percentage of total XP
 D = Spawn monster count
 E = Non-spawn monster count
 F = Spawn count percentage of total count
 G = Total turns spent on level
                    A         B        C        D         E        F      G
               +---------+---------+-------+---------+---------+-------+---------
         Total |       0 |     129 |   0.0 |       0 |      31 |   0.0 |  2387
               +---------+---------+-------+---------+---------+-------+---------
           D:1 |       0 |      33 |   0.0 |       0 |      18 |   0.0 |  1128
           D:2 |       0 |      85 |   0.0 |       0 |       8 |   0.0 |   925
           D:3 |       0 |      11 |   0.0 |       0 |       5 |   0.0 |   334
               +---------+---------+-------+---------+---------+-------+---------
